 Dungeon Crawl Stone Soup version 0.28.0-43-g3370ac3207 (webtiles) character file.

Game seed: 6538119486812785360

376 crimpus the Conjurer (level 6, 0/45 HPs)
             Began as a Demigod Conjurer on Mar 18, 2022.
             Slain by Duvessa
             ... wielding a +0 rapier
              (18 damage)
             ... on level 4 of the Dungeon.
             The game lasted 00:08:36 (6287 turns).

crimpus the Conjurer (Demigod Conjurer)             Turns: 6287, Time: 00:08:39

Health: 0/45       AC:  6    Str:  8    XL:     6   Next: 20%
Magic:  11/15      EV: 12    Int: 28    God:
Gold:   249        SH:  0    Dex: 12    Spells: 10/13 levels left

rFire   . . .      SeeInvis .   (no weapon)
rCold   . . .      Faith    .   (no shield)
rNeg    . . .      Spirit   .   a - +0 robe
rPois   .          Reflect  .   e - +2 helmet
rElec   .          Harm     .   d - +0 cloak
rCorr   .          Rampage  .   (no gloves)
Will    .....                   (no boots)
Stlth   ++........              (no amulet)
HPRegen 0.15/turn               (no ring)
MPRegen 0.14/turn               (no ring)

@: no status effects
A: high MP 1, forlorn, divine attributes
a: no special abilities


You were on level 4 of the Dungeon.
You visited 1 branch of the dungeon, and saw 5 of its levels.

You collected 249 gold pieces.

Inventory:

Armour
 a - a +0 robe (worn)
 d - a +0 cloak (worn)
 e - a +2 helmet (worn)
Jewellery
 l - a ring of protection from cold
Scrolls
 b - a scroll of magic mapping
 f - a scroll of fear {unknown}
 g - 3 scrolls of identify
 j - a scroll of teleportation
 n - 3 scrolls of enchant weapon {unknown}
 o - a scroll of blinking {unknown}
 p - a scroll of vulnerability {unknown}
Potions
 c - a potion of curing
 h - a potion of magic {unknown}
 i - a potion of attraction {unknown}
 k - a potion of mutation {unknown}
 m - a potion of heal wounds {unknown}


   Skills:
 + Level 2.0 Dodging
 + Level 2.8 Stealth
 + Level 4.0 Spellcasting
 + Level 5.4 Conjurations


You had 10 spell levels left.
You knew the following spells:

 Your Spells              Type           Power      Damage    Failure   Level
a - Magic Dart            Conj           100%       1d8       1%          1
b - Searing Ray           Conj           70%        2d7       1%          2

Your spell library contained the following spells:

 Spells                   Type           Power      Damage    Failure   Level
 Dazzling Flash           Conj/Hex       40%        N/A       8%          3
 Fulminant Prism          Conj/Hex       10%        3d9       24%         4
 Iskenderun's Mystic Bla  Conj/Tloc      20%        2d6       24%         4


Dungeon Overview and Level Annotations

Branches:
Dungeon (5/15)
 Temple: D:4-7

Shops:
D:2 !

Annotations:
D:4 Duvessa


Innate Abilities, Weirdness & Mutations

You have an increased reservoir of magic. (+10% MP)
You shall have no god before yourself.
Your divine heritage dramatically boosts your attributes as you level up.


Message History

a +0 club; a goblin corpse
There is a stone staircase leading down here.
You climb downwards.
Found a book of Decay.
There is a stone staircase leading up here.
There are monsters nearby!
Casting: Magic Dart (safe; 1% risk of failure)
Confirm with . or Enter, or press ? or * to list all spells.
Aiming: Searing Ray (safe; 1% risk of failure)
Press: ? - help, Shift-Dir - straight line, f - Dowan
Aim: Dowan, wielding a +0 dagger and wearing a +0 robe (asleep, 100% to hit)
The searing ray hits Dowan.
Dowan is moderately wounded.
Dowan shouts! (Press . to maintain the ray.) Duvessa shouts!
Dowan hits you with a +0 dagger.
Okay, then.
Duvessa hits you with a +0 rapier! Dowan hits you but does no damage.
You climb upwards.
There is a stone staircase leading down here.
Dowan barely misses you.
Casting: Searing Ray (safe; 1% risk of failure)
Confirm with . or Enter, or press ? or * to list all spells.
Aiming: Searing Ray (safe; 1% risk of failure)
Press: ? - help, Shift-Dir - straight line, f - Duvessa
Aim: Duvessa, wielding a +0 rapier, wearing a +0 chain mail and carrying a wand of polymorph (4) (88% to hit)
The searing ray hits Duvessa.
Duvessa is lightly wounded.
The searing ray hits Dowan!
Dowan is heavily wounded. (Press . to maintain the ray.)
The searing ray hits Duvessa.
Duvessa is moderately wounded.
The searing ray hits Dowan!
You kill Dowan!
Duvessa weeps, and shakes her weapon.
Duvessa goes berserk!
Duvessa hits you with a +0 rapier! Duvessa hits you with a +0 rapier!!
You die...

.............#####
######.....).....#
#.###.#.###.# #.#
#.#.###.#### #.#
#.#....>...#
#.###.#####.##.#
#........##)##.#
#.###..#.##e##.#
######.####.#.##@##.#
#.......# #.#.##.##.#
#.#####.###.#.##.##.#
#.# #..........##.#
..# #..........##.#
..# #.###.#.##.##.#
..#####.# #.#.#...#.#
........# #.....#...#
.######## #.#.#...###


You could see Duvessa (berserk).

Vanquished Creatures
  A water moccasin (D:4)
  An ogre (D:4)
  Dowan (D:4)
  A hound (D:4)
  An iguana (D:4)
  A hound skeleton (D:4)
  5 adders
  A worm (D:2)
  A dart slug (D:4)
  8 endoplasms
  5 giant cockroaches
  7 goblins
  6 hobgoblins
  4 jackals (D:4)
  8 kobolds
  2 quokkas (D:1)
  5 ball pythons (D:1)
  2 bats
  A frilled lizard (D:3)
  5 rats
  A spectral goblin (D:1)
67 creatures vanquished.

Notes
Turn   | Place    | Note
-------+----------+-------------------------------------------
     0 | D:1      | crimpus the Demigod Conjurer began the quest for the Orb.
     0 | D:1      | Reached XP level 1. HP: 14/14 MP: 5/5
   582 | D:1      | Reached XP level 2. HP: 20/20 MP: 5/7
   585 | D:1      | Learned a level 2 spell: Searing Ray
   853 | D:1      | Reached skill level 4 in Conjurations
  2302 | D:2      | Reached XP level 3. HP: 26/26 MP: 3/8
  2993 | D:2      | Found Memi's Distillery.
  4240 | D:3      | Reached XP level 4. HP: 33/33 MP: 6/10
  5384 | D:4      | Noticed a water moccasin
  5391 | D:4      | Killed a water moccasin
  5392 | D:4      | Reached skill level 5 in Conjurations
  5392 | D:4      | Reached XP level 5. HP: 33/38 MP: 2/13
  5857 | D:4      | Noticed an ogre
  5864 | D:4      | Killed an ogre
  5865 | D:4      | Reached XP level 6. HP: 45/45 MP: 6/15
  6278 | D:5      | Entered Level 5 of the Dungeon
  6278 | D:5      | Noticed Duvessa
  6278 | D:5      | Noticed Dowan
  6287 | D:4      | Killed Dowan
  6287 | D:4      | Slain by Duvessa

Illustrated notes

Levels and vault maps discovered:
D:1:      minmay_arrival_five_plusses, layout_rooms,
          dreamdust_ecumenical_altar_drowned_temple
D:2:      layout_basic, serial_shops, nicolae_shop_stone
D:3:      layout_basic
D:4:      layout_loops_ring
D:5:      layout_layer_cave, ebering_ghost_sewer_d,
          chequers_serial_rivers_micro_b, uniq_pikel, uniq_crazy_yiuf_cottage,
          uniq_duvessa

Skill      XL: |  1  2  3  4  5  6 |
---------------+-------------------+-----
Spellcasting   | 2 3 4 |  4.0
Conjurations   | 4 5 |  5.4
Stealth        | 2 |  2.8
Dodging        | 2 |  2.0

Action                   |  1- 3 |  4- 6 || total
-------------------------+-------+-------++-------
Melee: Unarmed           |     7 |       ||     7
 Cast: Magic Dart        |    94 |    36 ||   130
       Searing Ray       |     7 |     8 ||    15
  Use: Scroll            |     4 |       ||     4
       Potion            |     1 |       ||     1
Armor: Robe              |     9 |     2 ||    11
Dodge: Dodged            |    10 |     5 ||    15
